 Dungeon Crawl Stone Soup version 0.29-a0-418-gc0181ea820 (webtiles) character file.

Game seed: 13244045685321404971

81 jlumianski the Skirmisher (level 4, -4/36 HPs)
             Began as a Demonspawn Fighter on May 18, 2022.
             Killed by divine providence
             ... invoked by an orc priest
              (13 damage)
             ... on level 3 of the Dungeon.
             The game lasted 00:09:50 (3058 turns).

jlumianski the Skirmisher (Demonspawn Fighter)      Turns: 3058, Time: 00:09:50

Health: -4/36      AC:  8    Str: 25    XL:     4   Next: 19%
Magic:  4/4        EV:  9    Int:  9    God:
Gold:   145        SH:  4    Dex: 12    Spells: 3/3 levels left

rFire   . . .      SeeInvis .   a - +0 war axe
rCold   . . .      Faith    .   c - +0 buckler
rNeg    . . .      Spirit   .   b - +0 scale mail
rPois   .          Reflect  .   (no helmet)
rElec   .          Harm     .   (no cloak)
rCorr   .          Rampage  .   (no gloves)
Will    .....                   (no boots)
Stlth   ..........              (no amulet)
HPRegen 0.12/turn               q - +6 ring of strength
MPRegen 0.09/turn               (no ring)

@: no status effects
A: rugged brown scales 2, ignite blood 1
a: no special abilities


You were on level 3 of the Dungeon.
You visited 1 branch of the dungeon, and saw 3 of its levels.

You collected 145 gold pieces.

Inventory:

Hand Weapons
 a - a +0 war axe (weapon)
 f - a +2 dagger of venom
 o - a +0 mace of protection
Missiles
 e - 7 poisoned darts (quivered)
 h - 71 stones
 j - 3 javelins
 t - 3 silver boomerangs
Armour
 b - a +0 scale mail (worn)
 c - a +0 buckler (worn)
Jewellery
 q - a +6 ring of strength (left hand)
Scrolls
 g - a scroll of enchant armour {unknown}
 k - a scroll of blinking {unknown}
 l - a scroll of noise {unknown}
 p - a scroll of vulnerability {unknown}
 s - 2 scrolls of magic mapping {unknown}
 u - a scroll of fog
 y - a scroll of identify
Potions
 d - a potion of might
 i - a potion of lignification
 m - a potion of curing
 n - a potion of invisibility
 r - 2 potions of mutation {unknown}
 v - a potion of haste {unknown}
 w - a potion of heal wounds {unknown}
 x - a potion of brilliance {unknown}


   Skills:
 + Level 3.4 Fighting
 + Level 2.6 Axes
 + Level 3.2 Armour
 + Level 0.3 Dodging
 + Level 0.3 Stealth
 + Level 3.1 Shields


You had 3 spell levels left.
You didn't know any spells.
Your spell library contained the following spells:

 Spells                   Type           Power      Damage    Failure   Level
 Beastly Appendage        Tmut           0%         N/A       77%         1
 Magic Dart               Conj           0%         1d3       77%         1
 Call Imp                 Summ           0%         N/A       88%         2
 Wereblood                Tmut           0%         N/A       88%         2
 Dazzling Flash           Conj/Hex       0%         N/A       98%         3
 Mephitic Cloud           Conj/Pois/Air  0%         N/A       98%         3
 Spider Form              Tmut/Pois      0%         N/A       98%         3
 Iskenderun's Mystic Bla  Conj/Tloc      0%         2d3       100%        4
 Summon Forest            Summ/Tloc      0%         N/A       100%        5
 Eringya's Noxious Bog    Tmut/Pois      0%         N/A       100%        6
 Starburst                Conj/Fire      0%         6d3       100%        6
 Summon Hydra             Summ           0%         N/A       100%        7


Dungeon Overview and Level Annotations

Branches:
Dungeon (3/15)

Altars:

Shops:
D:2 (


Innate Abilities, Weirdness & Mutations

You are mostly covered in rugged brown scales. (AC +2, +5% HP)
Your demonic aura sometimes causes spilled blood to erupt in flames.


Message History

You block the orc's attack.
You barely miss the orc. The orc hits you with a +0 trident.
The orc hits you but does no damage.
You hit the orc.
The orc is lightly wounded.
The orc hits you with a +0 trident!
You barely miss the orc.
The orc is lightly wounded.
The orc hits you with a +0 trident.
You hit the orc.
The orc is moderately wounded.
The orc closely misses you. x2
You barely miss the orc.
The orc is moderately wounded.
The orc hits you with a +0 trident.
You slash the orc!
You kill the orc!
Things that are here:
a +0 trident; an orc corpse An orc comes into view.
It is wielding a +0 flail.
The orc shouts!
You hear a shout!
The orc wizard shouts!
An orc comes into view. It is wielding a +0 dagger.
You closely miss the orc. The orc hits you but does no damage.
The orc hits you with a +0 flail.
You slash the orc!
You kill the orc!
The orc wizard casts a spell at you. You resist with some effort.
The orc wizard casts a spell at you. The magic dart hits you.
The orc priest calls down the wrath of Beogh upon you.
Beogh smites you!
* * * LOW HITPOINT WARNING * * *
You see here a +0 flail.
You feel better.
An orc comes into view. It is wielding a +0 war axe.
The orc priest calls down the wrath of Beogh upon you.
Beogh smites you!
You die...

................o##
.................#
................o#
.##.....##..#..#.##
........##....#.o.#
.......#.....##.o.#
.............##...#
...####......##...#
... ....#...###.@.#
.##.............).#
.....##########...#
...#. #.<.# ...
#...# ... #...# ...
##### ... ...


You could see an orc priest, an orc wizard and an orc.

Vanquished Creatures
  2 adders (D:2)
  2 dart slugs
  2 orcs (D:3)
  5 endoplasms
  4 giant cockroaches
  6 goblins
  8 hobgoblins
  6 kobolds
  2 quokkas
  5 ball pythons
  4 bats (D:1)
  A frilled lizard (D:3)
  3 rats
50 creatures vanquished.

Notes
Turn   | Place    | Note
-------+----------+-------------------------------------------
     0 | D:1      | jlumianski the Demonspawn Fighter began the quest for the
                  | Orb.
     0 | D:1      | Reached XP level 1. HP: 18/18 MP: 1/1
   317 | D:1      | Gained mutation: Your demonic aura sometimes causes spilled
                  | blood to erupt in flames. [demonic ancestry]
   317 | D:1      | Reached XP level 2. HP: 18/24 MP: 2/2
   321 | D:1      | Found a faded altar of an unknown god.
   917 | D:1      | HP: 1/24 [poisoned by a goblin]
  1240 | D:1      | Gained mutation: You are partially covered in rugged brown
                  | scales. (AC +1, +3% HP) [demonic ancestry]
  1240 | D:1      | Reached XP level 3. HP: 24/29 MP: 3/3
  1904 | D:2      | Found Zojeowk's Weapon Emporium.
  2691 | D:3      | Gained mutation: You are mostly covered in rugged brown
                  | scales. (AC +2, +5% HP) [demonic ancestry]
  2691 | D:3      | Reached XP level 4. HP: 27/36 MP: 4/4
  3058 | D:3      | Killed from afar by an orc priest

Illustrated notes

Levels and vault maps discovered:
D:1:      amcnicky_arrival_gap_in_the_tavern_cellar, layout_basic,
          basic_ecumenical_altar, chequers_decorated_corner
D:2:      layout_loops_corners, serial_shops, nicolae_shop_behind_doors,
          nicolae_elevator_lobby_plus
D:3:      layout_rooms

Skill      XL: |  1  2 |
---------------+-------+-----
Shields        | 3 |  3.1
Axes           | 2 |  2.6
Armour         | 3 |  3.2
Fighting       | |  3.4
Dodging        | |  0.3
Stealth        | |  0.3

Action                   |  1- 3 |  4- 6 || total
-------------------------+-------+-------++-------
Melee: War axe           |   128 |    22 ||   150
  Use: Potion            |     1 |     2 ||     3
       Scroll            |       |     3 ||     3
Armor: Scale mail        |    84 |    13 ||    97
Dodge: Dodged            |    73 |     8 ||    81
Block: Buckler           |    37 |     6 ||    43

Table legend: (Time is in decaauts)
 A = Elapsed time spent in this place.
 B = Non-inter-level travel time spent in this place.
 C = Inter-level travel time spent in this place.
 D = Time resting spent in this place.
 E = Time spent auto-exploring this place.
 F = Levels seen in this place.
 G = Mean time per level.
                   A        B        C        D        E       F      G
               +--------+--------+--------+--------+--------+-----+--------+
         Total |   3127 |   3094 |     33 |    272 |   1609 |   3 | 1042.3 |
       Dungeon |   3127 |   3094 |     33 |    272 |   1609 |   3 | 1042.3 |
               +--------+--------+--------+--------+--------+-----+--------+

Top non-repeatable levels by time:
     D:2: 1399 daAuts
     D:1: 1336 daAuts
     D:3: 391 daAuts
